 Dungeon Crawl Stone Soup version 0.24-a0-434-gd57e52fea8 (webtiles) character file.

Game seed: 7923843140870584730

86 KristoblXynda the Sneak (level 4, 22/22 HPs)
             Began as a Spriggan Assassin on June 15, 2019.
             Got out of the dungeon alive.
             The game lasted 00:04:33 (3296 turns).

KristoblXynda the Sneak (Spriggan Assassin)         Turns: 3296, Time: 00:04:33

Health: 22/22      AC:  3    Str:  8    XL:     4   Next: 27%
Magic:  5/5        EV: 18    Int: 12    God:
Gold:   86         SH:  0    Dex: 17    Spells: 3/3 levels left

rFire    . . .     SeeInvis +   j - -2 dagger (curse)
rCold    . . .     Gourm    .   (shield restricted)
rNeg     . . .     Faith    .   b - +0 robe
rPois    .         Spirit   .   (helmet restricted)
rElec    .         Reflect  .   c - +0 cloak
rCorr    .         Harm     .   (gloves unavailable)
MR       .....                  (boots unavailable)
Stlth    ++++......             (no amulet)
HPRegen  0.07/turn              (no ring)
MPRegen  0.09/turn              (no ring)

@: very quick
A: very small, unfitting armour, see invisible, herbivore, speed 3, slow
metabolism 2
a: no special abilities


You escaped.
You were not hungry.

You visited 1 branch of the dungeon, and saw 2 of its levels.

You collected 86 gold pieces.

Inventory:

Hand Weapons
 a - a +2 dagger
 j - a cursed -2 dagger (weapon)
Missiles
 d - 6 poisoned darts (quivered)
 e - 2 curare-tipped darts
Armour
 b - a +0 robe (worn)
 c - a +0 cloak (worn)
Scrolls
 h - a scroll of identify
 k - a scroll of teleportation
Potions
 g - a potion of heal wounds
 i - a potion of resistance {unknown}
Comestibles
 f - 4 rations


   Skills:
 - Level 1.5 Fighting
 + Level 3.1 Short Blades
 + Level 2.8 Throwing
 + Level 3.2 Dodging
 + Level 6.6 Stealth


You had 3 spell levels left.
You didn't know any spells.
Your spell library was empty.

Dungeon Overview and Level Annotations

Branches:
Dungeon (2/15)

Altars:
Elyvilon
Zin
The Shining One


Innate Abilities, Weirdness & Mutations

You are very small and have problems with some larger weapons.
You are too small for most types of armour.
You have supernaturally acute eyesight. (SInv)
You are a herbivore.
You cover ground extremely quickly.
You need to consume almost no food.


Message History

As you open the door, it creaks loudly!
The adder is too close now for your liking.
You can't go up here!
You closely miss the adder. The adder closely misses you.
You closely miss the adder. The adder bites you.
You completely miss the adder. The adder closely misses you.
You closely miss the adder. The adder barely misses you.
There is an open door here.
Clearing level map.
Unknown command.
There's nothing to close nearby.
There is an open door here.
There is a stone staircase leading up here.
You climb upwards.
There is a stone staircase leading down here.
There are no items here.
There is an open gate here.
There is a staircase leading out of the dungeon here.
Are you sure you want to leave the Dungeon?
This will make you lose the game!
You have escaped!

### #.##########
#..........#
#.########.#
#.########.#
#.#..@..##.###########
#.##...###............
###.#.###.#############.
#...#8'''8#........# #.
##.####.###.######.# #.
#.# #.###.# #.# #. #.#
#.....# #.# #. #.#
#####.# #.# #. #.####
#.# #.# #.


There were no monsters in sight!

Vanquished Creatures
  A gnoll (D:1)
  3 adders (D:2)
  2 worms (D:2)
  3 dart slugs
  2 leopard geckos (D:1)
  2 ball pythons (D:2)
  2 giant cockroaches (D:1)
  2 goblins
  3 hobgoblins (D:2)
  4 jackals (D:1)
  A quokka (D:2)
  3 bats
  A frilled lizard (D:2)
  4 kobolds
  5 rats
38 creatures vanquished.

Notes
Turn   | Place    | Note
-------+----------+-------------------------------------------
     0 | D:1      | KristoblXynda the Spriggan Assassin began the quest for the
                  | Orb.
     0 | D:1      | Reached XP level 1. HP: 10/10 MP: 2/2
   149 | D:1      | Reached skill level 6 in Stealth
   245 | D:1      | Reached XP level 2. HP: 14/14 MP: 3/3
   988 | D:1      | Reached XP level 3. HP: 15/18 MP: 4/4
  2890 | D:2      | Reached XP level 4. HP: 22/22 MP: 5/5
  3201 | D:2      | Found a glowing golden altar of the Shining One.
  3201 | D:2      | Found a white marble altar of Elyvilon.
  3202 | D:2      | Found a glowing silver altar of Zin.
  3296 | D:$      | Got out of the dungeon alive.

Levels and vault maps discovered:
D:1:      saegor_arrival_simple_c, layout_basic
D:2:      layout_basic, good_gods_mini_temple

Skill      XL: |  1  2  3 |
---------------+----------+-----
Stealth        | 6 |  6.6
Dodging        | 2 3 |  3.2
Short Blades   | 3 |  3.1
Fighting       | |  1.5
Throwing       | |  2.8

Action                   |  1- 3 |  4- 6 || total
-------------------------+-------+-------++-------
Melee: Dagger            |   151 |    13 ||   164
Throw: Dart              |    25 |       ||    25
  Use: Scroll            |     3 |     2 ||     5
       Potion            |     1 |       ||     1
 Stab: Sleeping          |     9 |     4 ||    13
Armor: Robe              |    10 |     1 ||    11
Dodge: Dodged            |    99 |     6 ||   105

Table legend:
 A = Non-vault XP
 B = Vault XP
 C = Vault XP percentage of total XP
 D = Non-vault monster count
 E = Vault monster count
 F = Vault count percentage of total count
                 A         B        C        D         E       F
            +---------+---------+-------+---------+---------+-------
      Total |     124 |       0 |   0.0 |      38 |       0 |   0.0
            +---------+---------+-------+---------+---------+-------
        D:1 |      47 |       0 |   0.0 |      19 |       0 |   0.0
        D:2 |      77 |       0 |   0.0 |      19 |       0 |   0.0
            +---------+---------+-------+---------+---------+-------
